Sabres vs BlueJackets

Created - Saturday, February 20, 2016 at 03:25

Goals
1 2 3 T
Sabres 3 1 3 7
BlueJackets 1 0 0 1
Shots
1 2 3 T
Sabres 14 7 9 30
BlueJackets 10 8 8 26

1st period

1. BlueJackets , Teddy Purcell 18 (Sam Gagner, Ryan Garbutt) at 5:50 (PP)
2. Sabres , Gustav Nyquist 25 (David Perron, Ryan Kesler) at 11:16 (PP)
3. Sabres , Benoit Pouliot 30 (David Perron, Ryan Kesler) at 11:41
4. Sabres , Benoit Pouliot 31 (Jay Bouwmeester, Steven Stamkos) at 17:01 (PP)

Penalties :
Nikita Zadorov (Buf) for Hooking (Minor) at 5:34, Seth Helgeson (Clb) for Holding (Minor) at 6:34, Seth Helgeson (Clb) for Hooking (Minor) at 10:56, Ryan Kesler (Buf) for Holding (Minor) at 12:25, Magnus Paajarvi (Clb) for Interference (Minor) at 15:12, Patrick Wiercioch (Clb) for Hooking (Minor) at 19:02

2nd period

5. Sabres , Ryan Kesler 22 (Gustav Nyquist) at 8:18 (PP)

Penalties :
Carl Klingberg (Clb) for Holding Stick (Minor) at 7:24, Chris Wagner (Clb) for Hooking (Minor) at 19:20

3rd period

6. Sabres , Benoit Pouliot 32 (Jay Bouwmeester, Sidney Crosby) at 0:13 (PP)
7. Sabres , Sidney Crosby 42 (Steven Stamkos, Gustav Nyquist) at 2:59
8. Sabres , Sidney Crosby 43 (Jay Bouwmeester, Ondrej Pavelec) at 19:00

Penalties :
Seth Helgeson (Clb) for Hooking (Minor) at 7:34, Matt Bartkowski (Buf) for Tripping (Minor) at 16:12, Brian Dumoulin (Clb) for Fighting (Major) at 19:09, Matt Bartkowski (Buf) for Fighting (Major) at 19:09

Goalie Stats

Ondrej Pavelec (Buf), 25 saves from 26 shots - (0.962), W, 27-10-4, 60:00 minutes
Joni Ortio (Clb), 17 saves from 22 shots - (0.773), L, 3-22-0, 40:13 minutes
Matt Climie (Clb), 6 saves from 8 shots - (0.750), 19:47 minutes

Players Stats for Sabres

Player Name              G  A  P  +/- PIM S  H  SB GA TA FO     MP     PP MP  PK MP  
------------------------------------------------------------------------------------
Alex Pietrangelo         0  0  0   1  0   1  1  2  1  2  0/0    23:06   3:33   2:01 
Benoit Pouliot           3  0  3   1  0   3  2  0  1  1  1/1    17:31   6:03   0:00 
Boyd Gordon              0  0  0   0  0   0  0  0  3  1  3/6    11:56   0:00   2:04 
Brooks Orpik             0  0  0   1  0   0  6  0  0  1  0/0    17:23   0:00   2:01 
Chris Higgins            0  0  0   0  0   0  0  0  1  0  1/1    11:42   0:00   2:04 
David Perron             0  2  2   1  0   2  1  1  4  0  0/1    16:18   3:50   0:00 
Dwight King              0  0  0   0  0   1  2  0  0  0  0/0    12:13   0:00   2:10 
Gustav Nyquist           1  2  3   2  0   5  1  0  4  0  0/1    18:20   3:50   0:00 
Jack Skille              0  0  0   0  0   1  2  0  0  0  0/0     9:52   0:00   0:00 
Jay Bouwmeester          0  3  3   1  0   3  1  0  1  2  0/0    25:26   6:20   2:13 
Matt Bartkowski          0  0  0   1  7   2  1  1  0  0  0/0    15:16   0:00   1:28 
Nikita Zadorov           0  0  0   1  2   3  0  1  0  0  0/0    17:55   3:33   0:45 
Rasmus Ristolainen       0  0  0   1  0   0  1  1  1  2  0/0    21:03   6:20   0:00 
Ryan Kesler              1  2  3   1  2   1  1  0  1  0  8/11   16:30   3:50   0:00 
Sidney Crosby            2  1  3   2  0   4  1  0  2  0  9/20   19:33   6:03   0:00 
Steven Stamkos           0  2  2   2  0   2  4  0  0  0  0/2    19:33   6:03   0:00 
Trevor Gillies           0  0  0   0  0   0  2  0  0  1  0/0     9:52   0:00   0:00 
Vernon Fiddler           0  0  0   0  0   2  0  0  1  0  2/5    12:13   0:00   2:10 

Players Stats for BlueJackets

Player Name              G  A  P  +/- PIM S  H  SB GA TA FO     MP     PP MP  PK MP  
------------------------------------------------------------------------------------
Andrej Meszaros          0  0  0   0  0   0  0  0  0  0  0/0     0:00   0:00   0:00 
Austin Watson            0  0  0   0  0   3  1  1  1  0  3/4    12:41   0:00   0:00 
Brian Dumoulin           0  0  0   0  5   1  3  1  0  1  0/0    21:35   1:38   4:16 
Carl Klingberg           0  0  0   0  2   3  0  0  2  1  1/1    13:18   0:00   0:18 
Chad Ruhwedel            0  0  0  -1  0   0  2  1  0  0  0/0    12:34   0:00   0:00 
Chris Wagner             0  0  0   0  2   1  3  1  0  0  0/0    12:40   0:00   0:00 
Drew Shore               0  0  0  -1  0   2  0  0  1  1  3/7     8:43   0:00   0:00 
Magnus Paajarvi          0  0  0  -1  2   2  1  1  0  0  1/1    10:01   0:00   0:18 
Matt Nieto               0  0  0   0  0   1  0  0  1  1  1/2    15:31   1:51   2:09 
Nick Shore               0  0  0   0  0   0  2  0  1  0  2/4    12:24   1:51   0:00 
Patrick Wiercioch        0  0  0  -2  2   3  4  0  1  2  0/0    23:59   2:36   3:38 
Raphael Diaz             0  0  0  -2  0   0  2  4  0  0  0/0    25:50   2:36   5:37 
Ryan Garbutt             0  1  1  -2  0   1  2  0  0  0  1/2    18:21   2:23   2:09 
Ryane Clowe              0  0  0  -1  0   1  1  0  4  0  0/1    19:16   1:51   0:00 
Sam Gagner               0  1  1  -2  0   2  0  0  1  0  12/26  22:40   2:23   7:26 
Seth Helgeson            0  0  0   0  6   0  1  2  0  3  0/0    20:07   1:38   2:37 
Teddy Purcell            1  0  1  -2  0   5  2  0  2  0  0/0    23:02   2:23   7:26 
Trevor van Riemsdyk      0  0  0  -1  0   1  0  1  2  0  0/0    17:17   0:00   3:38 

3 Stars

1 - Benoit Pouliot (Buf)
2 - Sidney Crosby (Buf)
3 - Gustav Nyquist (Buf)

Power Play

Sabres - 4 on 7 Attempt(s) - 57.14%
BlueJackets - 1 on 3 Attempt(s) - 33.33%

Penalty Kill

Sabres - 2 on 3 Attempt(s) - 66.67% - Score 0 goal in Penalty Kill
BlueJackets - 3 on 7 Attempt(s) - 42.86% - Score 0 goal in Penalty Kill

Team Stat

Sabres - Hits : 26 - Faceoff Wins : 24 - Blocked Shots : 6 - Penalty Minutes : 11
BlueJackets - Hits : 24 - Faceoff Wins : 24 - Blocked Shots : 12 - Penalty Minutes : 19

Official

Referees : Unknown
Linesman : Unknown

Game Notes

Benoit Pouliot has scored a Hat Trick!
Matt Climie enters game at 0:13 of 3rd period
Brian Dumoulin beats up Matt Bartkowski at 19:09 of 3rd period

Finance

Level 1 -- Attendance: 4165 (69.42%) -- Ticket Income $416,500
Level 2 -- Attendance: 3662 (73.24%) -- Ticket Income $219,720
Level 3 -- Attendance: 1439 (71.95%) -- Ticket Income $50,365
Level 4 -- Attendance: 2699 (67.48%) -- Ticket Income $53,980
Luxury Box -- Attendance: 720 (72.00%) -- Ticket Income $144,000
Game was played at the Nationwide Arena.
Total Attendance: 12685 (70.47%)
Total Ticket Income: $884,565
Other Income: $433,437
Total Income: $1,318,002

Sabres

5 vs 5 Forward 
   Center                   Left Wing                Right Wing               Time % Phy DF OF 
 1 Sidney Crosby            Gustav Nyquist           Steven Stamkos           35     0   2  3  
 2 Ryan Kesler              Benoit Pouliot           David Perron             33     0   2  3  
 3 Vernon Fiddler           Chris Higgins            Dwight King              20     1   2  2  
 4 Boyd Gordon              Trevor Gillies           Jack Skille              12     2   3  0  

5 vs 5 Defense 
   Defense                  Defense                                           Time % Phy DF OF 
 1 Alex Pietrangelo         Brooks Orpik                                      35     1   2  2  
 2 Jay Bouwmeester          Rasmus Ristolainen                                30     1   3  1  
 3 Nikita Zadorov           Matt Bartkowski                                   25     3   2  0  
 4 Alex Pietrangelo         Jay Bouwmeester                                   10     0   2  3  

PowerPlay Forward 
   Center                   Left Wing                Right Wing               Time % Phy DF OF 
 1 Sidney Crosby            Benoit Pouliot           Steven Stamkos           57     0   0  5  
 2 Ryan Kesler              Gustav Nyquist           David Perron             43     0   1  4  

PowerPlay Defense
   Defense                  Defense                                           Time % Phy DF OF 
 1 Jay Bouwmeester          Rasmus Ristolainen                                57     0   1  4  
 2 Nikita Zadorov           Alex Pietrangelo                                  43     1   1  3  

Penalty Kill 4 Players Forward 
   Center                   Wing                     Time % Phy DF OF 
 1 Boyd Gordon              Chris Higgins            50     2   3  0  
 2 Vernon Fiddler           Dwight King              50     1   4  0  

Penalty Kill 4 Players Defense
   Defense                  Defense                  Time % Phy DF OF 
 1 Alex Pietrangelo         Brooks Orpik             50     1   3  1  
 2 Jay Bouwmeester          Matt Bartkowski          50     2   3  0  

Penalty Kill - 3 Players Forward 
   Forward                                           Time % Phy DF OF 
 1 Boyd Gordon                                       50     1   4  0  
 2 Vernon Fiddler                                    50     1   4  0  

Penalty Kill - 3 Players Defense
   Defense                  Defense                  Time % Phy DF OF 
 1 Alex Pietrangelo         Brooks Orpik             50     2   2  1  
 2 Jay Bouwmeester          Matt Bartkowski          50     2   2  1  

4 vs 4 Forward 
   Center                   Wing                     Time % Phy DF OF 
 1 Sidney Crosby            Steven Stamkos           57     0   2  3  
 2 Ryan Kesler              Gustav Nyquist           43     1   2  2  

4 vs 4 Defense
   Defense                  Defense                  Time % Phy DF OF 
 1 Jay Bouwmeester          Rasmus Ristolainen       57     1   2  2  
 2 Nikita Zadorov           Alex Pietrangelo         43     1   2  2  

Last Minutes Offensive
   Center                   Left Wing                Right Wing               Defense                  Defense                  
   Sidney Crosby            Gustav Nyquist           Steven Stamkos           Alex Pietrangelo         Rasmus Ristolainen       

Last Minutes Defensive
   Center                   Left Wing                Right Wing               Defense                  Defense                  
   Ryan Kesler              Chris Higgins            Dwight King              Alex Pietrangelo         Brooks Orpik             

Goaltenders
Starting : Ondrej Pavelec           
Backup : Petr Mrazek              

Extra Forwards
Normal : Benoit Pouliot, Dwight King, Chris Higgins - PP : Chris Higgins, Dwight King - PK : Ryan Kesler
Extra Defensemen
Normal : Rasmus Ristolainen, Nikita Zadorov, Matt Bartkowski - PP : Nikita Zadorov - PK : Nikita Zadorov, Rasmus Ristolainen
Penalty Shots
Sidney Crosby, Gustav Nyquist, Chris Higgins, Benoit Pouliot, David Perron

BlueJackets

5 vs 5 Forward 
   Center                   Left Wing                Right Wing               Time % Phy DF OF 
 1 Sam Gagner               Teddy Purcell            Ryan Garbutt             35     1   2  2  
 2 Nick Shore               Matt Nieto               Ryane Clowe              30     1   2  2  
 3 Drew Shore               Ryane Clowe              Magnus Paajarvi          22     1   2  2  
 4 Austin Watson            Carl Klingberg           Chris Wagner             13     1   2  2  

5 vs 5 Defense 
   Defense                  Defense                                           Time % Phy DF OF 
 1 Patrick Wiercioch        Raphael Diaz                                      35     1   2  2  
 2 Seth Helgeson            Brian Dumoulin                                    30     1   2  2  
 3 Chad Ruhwedel            Trevor van Riemsdyk                               22     1   2  2  
 4 Patrick Wiercioch        Raphael Diaz                                      13     1   2  2  

PowerPlay Forward 
   Center                   Left Wing                Right Wing               Time % Phy DF OF 
 1 Sam Gagner               Teddy Purcell            Ryan Garbutt             60     1   2  2  
 2 Nick Shore               Matt Nieto               Ryane Clowe              40     1   2  2  

PowerPlay Defense
   Defense                  Defense                                           Time % Phy DF OF 
 1 Patrick Wiercioch        Raphael Diaz                                      60     1   2  2  
 2 Seth Helgeson            Brian Dumoulin                                    40     1   2  2  

Penalty Kill 4 Players Forward 
   Center                   Wing                     Time % Phy DF OF 
 1 Sam Gagner               Teddy Purcell            60     1   2  2  
 2 Ryan Garbutt             Matt Nieto               40     1   2  2  

Penalty Kill 4 Players Defense
   Defense                  Defense                  Time % Phy DF OF 
 1 Patrick Wiercioch        Raphael Diaz             60     1   2  2  
 2 Seth Helgeson            Brian Dumoulin           40     1   2  2  

Penalty Kill - 3 Players Forward 
   Forward                                           Time % Phy DF OF 
 1 Sam Gagner                                        60     1   2  2  
 2 Teddy Purcell                                     40     1   2  2  

Penalty Kill - 3 Players Defense
   Defense                  Defense                  Time % Phy DF OF 
 1 Patrick Wiercioch        Raphael Diaz             60     1   2  2  
 2 Seth Helgeson            Brian Dumoulin           40     1   2  2  

4 vs 4 Forward 
   Center                   Wing                     Time % Phy DF OF 
 1 Sam Gagner               Teddy Purcell            60     1   2  2  
 2 Ryan Garbutt             Matt Nieto               40     1   2  2  

4 vs 4 Defense
   Defense                  Defense                  Time % Phy DF OF 
 1 Patrick Wiercioch        Raphael Diaz             60     1   2  2  
 2 Seth Helgeson            Brian Dumoulin           40     1   2  2  

Last Minutes Offensive
   Center                   Left Wing                Right Wing               Defense                  Defense                  
   Sam Gagner               Teddy Purcell            Ryan Garbutt             Patrick Wiercioch        Raphael Diaz             

Last Minutes Defensive
   Center                   Left Wing                Right Wing               Defense                  Defense                  
   Sam Gagner               Teddy Purcell            Ryan Garbutt             Patrick Wiercioch        Raphael Diaz             

Goaltenders
Starting : Joni Ortio               
Backup : Matt Climie              

Extra Forwards
Normal : Ryane Clowe, Drew Shore, Magnus Paajarvi - PP : Ryane Clowe, Drew Shore - PK : Magnus Paajarvi
Extra Defensemen
Normal : Chad Ruhwedel, Trevor van Riemsdyk, Seth Helgeson - PP : Chad Ruhwedel - PK : Trevor van Riemsdyk, Seth Helgeson
Penalty Shots
Sam Gagner, Teddy Purcell, Ryan Garbutt, Matt Nieto, Ryane Clowe

% Time on Ice - Sabres

Lines # - Real PCT - Wanted PCT - Time Play
Normal Forward
1 - 29% - 35% - 13:30
2 - 28% - 33% - 12:53
3 - 21% - 20% - 9:38
4 - 22% - 12% - 9:52
Normal Defense
1 - 36% - 35% - 16:19
2 - 30% - 30% - 13:46
3 - 30% - 25% - 13:38
4 - 5% - 10% - 2:10
PP Forward
1 - 61% - 57% - 6:03
2 - 39% - 43% - 3:50
PP Defense
1 - 64% - 57% - 6:20
2 - 36% - 43% - 3:33
PK Forward
1 - 49% - 50% - 2:04
2 - 51% - 50% - 2:10
PK Defense
1 - 48% - 50% - 2:01
2 - 52% - 50% - 2:13
PK3 Forward
1 - 0% - 50%
2 - 0% - 50%
PK3 Defense
1 - 0% - 50%
2 - 0% - 50%
44 Forward
1 - 0% - 57%
2 - 0% - 43%
44 Defense
1 - 0% - 57%
2 - 0% - 43%
Last Minute Offensive  - 0:00
Last Minute Defensive  - 0:00
Total
Forward - 60:00
Defense - 60:00

% Time on Ice - BlueJackets

Lines # - Real PCT - Wanted PCT - Time Play
Normal Forward
1 - 29% - 35% - 13:20
2 - 25% - 30% - 11:31
3 - 18% - 22% - 8:21
4 - 28% - 13% - 12:41
Normal Defense
1 - 33% - 35% - 15:18
2 - 34% - 30% - 15:44
3 - 27% - 22% - 12:32
4 - 5% - 13% - 2:19
PP Forward
1 - 56% - 60% - 2:23
2 - 44% - 40% - 1:51
PP Defense
1 - 61% - 60% - 2:36
2 - 39% - 40% - 1:38
PK Forward
1 - 78% - 60% - 7:44
2 - 22% - 40% - 2:09
PK Defense
1 - 57% - 60% - 5:37
2 - 43% - 40% - 4:16
PK3 Forward
1 - 0% - 60%
2 - 0% - 40%
PK3 Defense
1 - 0% - 60%
2 - 0% - 40%
44 Forward
1 - 0% - 60%
2 - 0% - 40%
44 Defense
1 - 0% - 60%
2 - 0% - 40%
Last Minute Offensive  - 0:00
Last Minute Defensive  - 0:00
Total
Forward - 60:00
Defense - 60:00

Play by Play

1st period


0:01 of 1st period - Sam Gagner wins face-off versus Sidney Crosby in neutral zone.
0:16 of 1st period - Snap shot by Teddy Purcell.
0:16 of 1st period - Stopped by Ondrej Pavelec with a rebound.
0:22 of 1st period - Raphael Diaz is hit by Brooks Orpik and loses puck.
0:59 of 1st period - Seth Helgeson is hit by Brooks Orpik.
1:22 of 1st period - Seth Helgeson is hit by Ryan Kesler and loses puck.
2:02 of 1st period - Matt Bartkowski is hit by Seth Helgeson and loses puck.
2:19 of 1st period - Nikita Zadorov is hit by Magnus Paajarvi and loses puck.
2:36 of 1st period - Slapshot by Alex Pietrangelo.
2:36 of 1st period - Shot Misses the Net.
2:38 of 1st period - Backhand shot by Alex Pietrangelo.
2:38 of 1st period - Shot Blocked by Seth Helgeson.
3:05 of 1st period - Snap shot by Gustav Nyquist.
3:05 of 1st period - Shot Misses the Net.
3:51 of 1st period - Austin Watson is hit by Brooks Orpik and loses puck.
4:24 of 1st period - Snap shot by Dwight King.
4:24 of 1st period - Shot Blocked by Trevor van Riemsdyk.
4:50 of 1st period - Snap shot by Matt Nieto.
4:50 of 1st period - Deflect By Ryane Clowe.
4:50 of 1st period - Stopped by Ondrej Pavelec with a rebound.
5:05 of 1st period - Boyd Gordon is hit by Raphael Diaz.
5:32 of 1st period - Backhand shot by Teddy Purcell.
5:32 of 1st period - Stopped by Ondrej Pavelec with a rebound.
5:34 of 1st period - Minor Penalty to Nikita Zadorov for Hooking.
5:35 of 1st period - Ryan Garbutt wins face-off versus Vernon Fiddler in Sabres zone.
5:50 of 1st period - Wrist shot by Teddy Purcell.
5:50 of 1st period - Goal by Teddy Purcell - Sabres : 0 - BlueJackets : 1.
5:51 of 1st period - Ryan Kesler wins face-off versus Drew Shore in neutral zone.
6:16 of 1st period - Wrist shot by David Perron.
6:16 of 1st period - Stopped by Joni Ortio with a rebound.
6:34 of 1st period - Minor Penalty to Seth Helgeson for Holding.
6:35 of 1st period - Sam Gagner wins face-off versus Steven Stamkos in BlueJackets zone.
6:35 of 1st period - Sam Gagner is hit by Steven Stamkos.
6:45 of 1st period - Snap shot by Benoit Pouliot.
6:45 of 1st period - Shot Misses the Net.
7:29 of 1st period - Jay Bouwmeester is hit by Patrick Wiercioch and loses puck.
7:54 of 1st period - Trevor van Riemsdyk is hit by Sidney Crosby and loses puck.
8:07 of 1st period - Ryan Garbutt is hit by Benoit Pouliot and loses puck.
8:22 of 1st period - Brian Dumoulin is hit by Gustav Nyquist and loses puck.
8:34 of 1st period - Penalty to Seth Helgeson is over, Seth Helgeson is back on ice.
8:52 of 1st period - Slapshot by Dwight King.
8:52 of 1st period - Shot Misses the Net.
8:54 of 1st period - Backhand shot by Matt Bartkowski.
8:54 of 1st period - Stopped by Joni Ortio without a rebound.
8:55 of 1st period - Drew Shore wins face-off versus Vernon Fiddler in BlueJackets zone.
8:59 of 1st period - Off-side.
9:00 of 1st period - Drew Shore wins face-off versus Boyd Gordon in neutral zone.
9:05 of 1st period - Snap shot by Magnus Paajarvi.
9:05 of 1st period - Stopped by Ondrej Pavelec without a rebound.
9:06 of 1st period - Boyd Gordon wins face-off versus Drew Shore in Sabres zone.
9:54 of 1st period - Chad Ruhwedel is hit by Trevor Gillies and loses puck.
10:01 of 1st period - Alex Pietrangelo is hit by Chad Ruhwedel and loses puck.
10:06 of 1st period - Slapshot by Carl Klingberg.
10:06 of 1st period - Stopped by Ondrej Pavelec with a rebound.
10:08 of 1st period - Snap shot by Chris Wagner.
10:08 of 1st period - Shot Misses the Net.
10:10 of 1st period - Slapshot by Carl Klingberg.
10:10 of 1st period - Shot Misses the Net.
10:12 of 1st period - Wrist shot by Chris Wagner.
10:12 of 1st period - Stopped by Ondrej Pavelec without a rebound.
10:13 of 1st period - Nick Shore wins face-off versus Sidney Crosby in Sabres zone.
10:30 of 1st period - Snap shot by Steven Stamkos.
10:30 of 1st period - Shot Misses the Net.
10:46 of 1st period - Wrist shot by Sidney Crosby.
10:46 of 1st period - Stopped by Joni Ortio with a rebound.
10:48 of 1st period - Snap shot by Steven Stamkos.
10:48 of 1st period - Stopped by Joni Ortio with a rebound.
10:50 of 1st period - Wrist shot by Steven Stamkos.
10:50 of 1st period - Shot Misses the Net.
10:56 of 1st period - Minor Penalty to Seth Helgeson for Hooking.
10:57 of 1st period - Ryan Kesler wins face-off versus Sam Gagner in BlueJackets zone.
11:16 of 1st period - Wrist shot by Gustav Nyquist.
11:16 of 1st period - Goal by Gustav Nyquist - Sabres : 1 - BlueJackets : 1.
11:17 of 1st period - Ryan Kesler wins face-off versus Sam Gagner in neutral zone.
11:23 of 1st period - Slapshot by Nikita Zadorov.
11:23 of 1st period - Deflect By Ryan Garbutt.
11:23 of 1st period - Stopped by Joni Ortio without a rebound.
11:24 of 1st period - Ryan Kesler wins face-off versus Sam Gagner in BlueJackets zone.
11:41 of 1st period - Wrist shot by Benoit Pouliot.
11:41 of 1st period - Goal by Benoit Pouliot - Sabres : 2 - BlueJackets : 1.
11:42 of 1st period - Sidney Crosby wins face-off versus Sam Gagner in neutral zone.
12:13 of 1st period - Wrist shot by Sidney Crosby.
12:13 of 1st period - Deflect By Steven Stamkos.
12:13 of 1st period - Stopped by Joni Ortio without a rebound.
12:14 of 1st period - Ryan Kesler wins face-off versus Nick Shore in BlueJackets zone.
12:25 of 1st period - Minor Penalty to Ryan Kesler for Holding.
12:26 of 1st period - Boyd Gordon wins face-off versus Sam Gagner in Sabres zone.
13:21 of 1st period - Chris Higgins is hit by Patrick Wiercioch and loses puck.
14:02 of 1st period - Snap shot by Dwight King.
14:02 of 1st period - Shot Misses the Net.
14:16 of 1st period - Alex Pietrangelo is hit by Ryane Clowe.
14:25 of 1st period - Penalty to Ryan Kesler is over, Ryan Kesler is back on ice.
15:01 of 1st period - Wrist shot by Sidney Crosby.
15:01 of 1st period - Stopped by Joni Ortio with a rebound.
15:03 of 1st period - Wrist shot by Jay Bouwmeester.
15:03 of 1st period - Stopped by Joni Ortio with a rebound.
15:05 of 1st period - Wrist shot by Jay Bouwmeester.
15:05 of 1st period - Shot Blocked by Raphael Diaz.
15:07 of 1st period - Snap shot by Nikita Zadorov.
15:07 of 1st period - Shot Misses the Net.
15:09 of 1st period - Slapshot by Matt Bartkowski.
15:09 of 1st period - Stopped by Joni Ortio without a rebound.
15:10 of 1st period - Magnus Paajarvi wins face-off versus Ryan Kesler in BlueJackets zone.
15:12 of 1st period - Minor Penalty to Magnus Paajarvi for Interference.
15:13 of 1st period - Sam Gagner wins face-off versus Sidney Crosby in BlueJackets zone.
15:31 of 1st period - Wrist shot by Teddy Purcell.
15:31 of 1st period - Stopped by Ondrej Pavelec without a rebound.
15:32 of 1st period - Sidney Crosby wins face-off versus Sam Gagner in Sabres zone.
16:49 of 1st period - Rasmus Ristolainen is hit by Brian Dumoulin.
16:59 of 1st period - Wrist shot by Steven Stamkos.
16:59 of 1st period - Shot Blocked by Brian Dumoulin.
17:01 of 1st period - Slapshot by Jay Bouwmeester.
17:01 of 1st period - Deflect By Benoit Pouliot.
17:01 of 1st period - Goal by Benoit Pouliot - Sabres : 3 - BlueJackets : 1.
17:02 of 1st period - Vernon Fiddler wins face-off versus Drew Shore in neutral zone.
17:09 of 1st period - Slapshot by Dwight King.
17:09 of 1st period - Shot Blocked by Magnus Paajarvi.
17:11 of 1st period - Snap shot by Alex Pietrangelo.
17:11 of 1st period - Shot Misses the Net.
17:13 of 1st period - Snap shot by Dwight King.
17:13 of 1st period - Shot Misses the Net.
17:15 of 1st period - Slapshot by Vernon Fiddler.
17:15 of 1st period - Stopped by Joni Ortio with a rebound.
17:17 of 1st period - Slapshot by Brooks Orpik.
17:17 of 1st period - Shot Blocked by Raphael Diaz.
17:19 of 1st period - Slapshot by Alex Pietrangelo.
17:19 of 1st period - Deflect By Patrick Wiercioch.
17:19 of 1st period - Stopped by Joni Ortio without a rebound.
17:20 of 1st period - Drew Shore wins face-off versus Vernon Fiddler in BlueJackets zone.
17:20 of 1st period - Drew Shore is hit by Alex Pietrangelo.
17:34 of 1st period - Wrist shot by Magnus Paajarvi.
17:34 of 1st period - Stopped by Ondrej Pavelec without a rebound.
17:35 of 1st period - Benoit Pouliot wins face-off versus Matt Nieto in Sabres zone.
18:12 of 1st period - Snap shot by Ryan Kesler.
18:12 of 1st period - Shot Misses the Net.
18:34 of 1st period - Wrist shot by Sam Gagner.
18:34 of 1st period - Stopped by Ondrej Pavelec without a rebound.
18:35 of 1st period - Sidney Crosby wins face-off versus Ryan Garbutt in Sabres zone.
18:55 of 1st period - Slapshot by Sidney Crosby.
18:55 of 1st period - Shot Misses the Net.
19:02 of 1st period - Minor Penalty to Patrick Wiercioch for Hooking.
19:03 of 1st period - Ryan Kesler wins face-off versus Sam Gagner in BlueJackets zone.
19:22 of 1st period - Slapshot by Jay Bouwmeester.
19:22 of 1st period - Shot Blocked by Raphael Diaz.
Goals for this period are 3 for Sabres vs 1 for BlueJackets.
Shots for this period are 14 for Sabres vs 10 for BlueJackets.

2nd period


0:01 of 2nd period - Sam Gagner wins face-off versus Sidney Crosby in neutral zone.
0:15 of 2nd period - Snap shot by Steven Stamkos.
0:15 of 2nd period - Shot Misses the Net.
0:17 of 2nd period - Backhand shot by Jay Bouwmeester.
0:17 of 2nd period - Stopped by Joni Ortio without a rebound.
0:18 of 2nd period - Sam Gagner wins face-off versus Sidney Crosby in BlueJackets zone.
0:31 of 2nd period - Trevor van Riemsdyk is hit by Benoit Pouliot.
1:02 of 2nd period - Penalty to Patrick Wiercioch is over, Patrick Wiercioch is back on ice.
1:20 of 2nd period - Snap shot by David Perron.
1:20 of 2nd period - Shot Misses the Net.
1:28 of 2nd period - Ryan Kesler is hit by Ryan Garbutt and loses puck.
2:06 of 2nd period - Brian Dumoulin is hit by Brooks Orpik and loses puck.
2:37 of 2nd period - Snap shot by Boyd Gordon.
2:37 of 2nd period - Shot Misses the Net.
2:39 of 2nd period - Slapshot by Boyd Gordon.
2:39 of 2nd period - Shot Blocked by Seth Helgeson.
2:41 of 2nd period - Slapshot by Jack Skille.
2:41 of 2nd period - Shot Misses the Net.
2:43 of 2nd period - Slapshot by Nikita Zadorov.
2:43 of 2nd period - Deflect By Magnus Paajarvi.
2:43 of 2nd period - Stopped by Joni Ortio without a rebound.
2:44 of 2nd period - Austin Watson wins face-off versus Boyd Gordon in BlueJackets zone.
3:15 of 2nd period - Rasmus Ristolainen is hit by Chad Ruhwedel and loses puck.
3:44 of 2nd period - Slapshot by Patrick Wiercioch.
3:44 of 2nd period - Stopped by Ondrej Pavelec with a rebound.
4:00 of 2nd period - Slapshot by Gustav Nyquist.
4:00 of 2nd period - Stopped by Joni Ortio with a rebound.
4:02 of 2nd period - Slapshot by Matt Bartkowski.
4:02 of 2nd period - Shot Misses the Net.
4:04 of 2nd period - Slapshot by Nikita Zadorov.
4:04 of 2nd period - Deflect By Ryan Garbutt.
4:04 of 2nd period - Stopped by Joni Ortio with a rebound.
4:06 of 2nd period - Snap shot by Gustav Nyquist.
4:06 of 2nd period - Deflect By Sidney Crosby.
4:06 of 2nd period - Shot Blocked by Raphael Diaz.
4:06 of 2nd period - Puck is out of play.
4:07 of 2nd period - Matt Nieto wins face-off versus David Perron in BlueJackets zone.
4:07 of 2nd period - Matt Nieto is hit by David Perron.
5:01 of 2nd period - Wrist shot by Chris Higgins.
5:01 of 2nd period - Shot Misses the Net.
5:03 of 2nd period - Slapshot by Dwight King.
5:03 of 2nd period - Shot Misses the Net.
5:35 of 2nd period - Snap shot by Gustav Nyquist.
5:35 of 2nd period - Shot Misses the Net.
5:37 of 2nd period - Snap shot by Rasmus Ristolainen.
5:37 of 2nd period - Shot Misses the Net.
6:01 of 2nd period - Matt Bartkowski is hit by Raphael Diaz and loses puck.
6:30 of 2nd period - Wrist shot by Jack Skille.
6:30 of 2nd period - Shot Misses the Net.
6:36 of 2nd period - Snap shot by Jack Skille.
6:36 of 2nd period - Stopped by Joni Ortio with a rebound.
7:24 of 2nd period - Minor Penalty to Carl Klingberg for Holding Stick.
7:25 of 2nd period - Sam Gagner wins face-off versus Sidney Crosby in BlueJackets zone.
7:45 of 2nd period - Slapshot by Sam Gagner.
7:45 of 2nd period - Shot Misses the Net.
8:12 of 2nd period - Off-side.
8:13 of 2nd period - Ryan Kesler wins face-off versus Sam Gagner in neutral zone.
8:18 of 2nd period - Snap shot by Gustav Nyquist.
8:18 of 2nd period - Deflect By Ryan Kesler.
8:18 of 2nd period - Goal by Ryan Kesler - Sabres : 4 - BlueJackets : 1.
8:19 of 2nd period - Nick Shore wins face-off versus Sidney Crosby in neutral zone.
9:02 of 2nd period - Carl Klingberg is hit by Steven Stamkos and loses puck.
9:13 of 2nd period - Brooks Orpik is hit by Chris Wagner and loses puck.
9:22 of 2nd period - Raphael Diaz is hit by Dwight King and loses puck.
9:35 of 2nd period - Snap shot by Dwight King.
9:35 of 2nd period - Shot Misses the Net.
9:37 of 2nd period - Slapshot by Jay Bouwmeester.
9:37 of 2nd period - Shot Blocked by Austin Watson.
9:39 of 2nd period - Wrist shot by Vernon Fiddler.
9:39 of 2nd period - Stopped by Joni Ortio with a rebound.
9:41 of 2nd period - Wrist shot by Vernon Fiddler.
9:41 of 2nd period - Shot Misses the Net.
9:43 of 2nd period - Snap shot by Rasmus Ristolainen.
9:43 of 2nd period - Shot Misses the Net.
10:54 of 2nd period - Wrist shot by Ryane Clowe.
10:54 of 2nd period - Shot Misses the Net.
10:56 of 2nd period - Slapshot by Chad Ruhwedel.
10:56 of 2nd period - Shot Misses the Net.
10:58 of 2nd period - Slapshot by Trevor van Riemsdyk.
10:58 of 2nd period - Shot Blocked by Matt Bartkowski.
11:05 of 2nd period - Snap shot by Ryane Clowe.
11:05 of 2nd period - Deflect By Drew Shore.
11:05 of 2nd period - Stopped by Ondrej Pavelec with a rebound.
11:41 of 2nd period - Snap shot by Carl Klingberg.
11:41 of 2nd period - Stopped by Ondrej Pavelec with a rebound.
13:10 of 2nd period - Wrist shot by Teddy Purcell.
13:10 of 2nd period - Shot Misses the Net.
13:12 of 2nd period - Slapshot by Seth Helgeson.
13:12 of 2nd period - Shot Misses the Net.
13:28 of 2nd period - Snap shot by Trevor van Riemsdyk.
13:28 of 2nd period - Stopped by Ondrej Pavelec with a rebound.
14:22 of 2nd period - Magnus Paajarvi is hit by Steven Stamkos and loses puck.
14:55 of 2nd period - Snap shot by Chris Higgins.
14:55 of 2nd period - Shot Misses the Net.
14:57 of 2nd period - Wrist shot by Vernon Fiddler.
14:57 of 2nd period - Shot Blocked by Chad Ruhwedel.
14:59 of 2nd period - Slapshot by Alex Pietrangelo.
14:59 of 2nd period - Shot Misses the Net.
15:01 of 2nd period - Slapshot by Dwight King.
15:01 of 2nd period - Shot Misses the Net.
15:23 of 2nd period - Steven Stamkos is hit by Austin Watson and loses puck.
15:58 of 2nd period - Ryan Garbutt is hit by Matt Bartkowski and loses puck.
16:41 of 2nd period - Slapshot by Austin Watson.
16:41 of 2nd period - Stopped by Ondrej Pavelec with a rebound.
16:43 of 2nd period - Slapshot by Chris Wagner.
16:43 of 2nd period - Shot Misses the Net.
16:45 of 2nd period - Slapshot by Raphael Diaz.
16:45 of 2nd period - Shot Blocked by Alex Pietrangelo.
16:47 of 2nd period - Slapshot by Patrick Wiercioch.
16:47 of 2nd period - Deflect By Alex Pietrangelo.
16:47 of 2nd period - Stopped by Ondrej Pavelec with a rebound.
16:49 of 2nd period - Slapshot by Patrick Wiercioch.
16:49 of 2nd period - Deflect By Alex Pietrangelo.
16:49 of 2nd period - Stopped by Ondrej Pavelec without a rebound.
16:50 of 2nd period - Carl Klingberg wins face-off versus Gustav Nyquist in Sabres zone.
17:27 of 2nd period - Sam Gagner is hit by Jack Skille.
17:48 of 2nd period - Nick Shore is hit by Jack Skille and loses puck.
17:59 of 2nd period - Snap shot by Matt Nieto.
17:59 of 2nd period - Stopped by Ondrej Pavelec with a rebound.
18:43 of 2nd period - Snap shot by Austin Watson.
18:43 of 2nd period - Deflect By Chris Wagner.
18:43 of 2nd period - Shot Blocked by David Perron.
18:43 of 2nd period - Puck is out of play.
18:44 of 2nd period - Ryan Kesler wins face-off versus Austin Watson in Sabres zone.
18:44 of 2nd period - Ryan Kesler is hit by Chris Wagner.
19:20 of 2nd period - Minor Penalty to Chris Wagner for Hooking.
19:21 of 2nd period - Sam Gagner wins face-off versus Steven Stamkos in BlueJackets zone.
19:35 of 2nd period - Off-side.
19:36 of 2nd period - Sidney Crosby wins face-off versus Sam Gagner in neutral zone.
19:53 of 2nd period - Wrist shot by Sidney Crosby.
19:53 of 2nd period - Shot Misses the Net.
Goals for this period are 1 for Sabres vs 0 for BlueJackets.
Shots for this period are 7 for Sabres vs 8 for BlueJackets.

3rd period


0:01 of 3rd period - Sam Gagner wins face-off versus Sidney Crosby in neutral zone.
0:09 of 3rd period - Snap shot by Sidney Crosby.
0:09 of 3rd period - Shot Misses the Net.
0:11 of 3rd period - Wrist shot by Jay Bouwmeester.
0:11 of 3rd period - Shot Misses the Net.
0:13 of 3rd period - Snap shot by Benoit Pouliot.
0:13 of 3rd period - Goal by Benoit Pouliot - Sabres : 5 - BlueJackets : 1.
0:13 of 3rd period - Matt Climie enters game.
0:14 of 3rd period - Sam Gagner wins face-off versus Sidney Crosby in neutral zone.
0:17 of 3rd period - Snap shot by Teddy Purcell.
0:17 of 3rd period - Stopped by Ondrej Pavelec with a rebound.
0:19 of 3rd period - Wrist shot by Teddy Purcell.
0:19 of 3rd period - Shot Blocked by Alex Pietrangelo.
0:21 of 3rd period - Wrist shot by Teddy Purcell.
0:21 of 3rd period - Shot Misses the Net.
0:23 of 3rd period - Snap shot by Sam Gagner.
0:23 of 3rd period - Stopped by Ondrej Pavelec with a rebound.
2:05 of 3rd period - Slapshot by Dwight King.
2:05 of 3rd period - Stopped by Matt Climie with a rebound.
2:51 of 3rd period - Off-side.
2:52 of 3rd period - Sidney Crosby wins face-off versus Sam Gagner in neutral zone.
2:59 of 3rd period - Slapshot by Sidney Crosby.
2:59 of 3rd period - Goal by Sidney Crosby - Sabres : 6 - BlueJackets : 1.
3:00 of 3rd period - Sam Gagner wins face-off versus Sidney Crosby in neutral zone.
3:11 of 3rd period - Slapshot by Teddy Purcell.
3:11 of 3rd period - Shot Blocked by Nikita Zadorov.
3:13 of 3rd period - Wrist shot by Patrick Wiercioch.
3:13 of 3rd period - Shot Misses the Net.
3:31 of 3rd period - Matt Bartkowski is hit by Patrick Wiercioch and loses puck.
4:04 of 3rd period - David Perron is hit by Nick Shore and loses puck.
4:11 of 3rd period - Slapshot by Jay Bouwmeester.
4:11 of 3rd period - Shot Misses the Net.
4:14 of 3rd period - Icing by Matt Nieto.
4:15 of 3rd period - Vernon Fiddler wins face-off versus Nick Shore in BlueJackets zone.
4:31 of 3rd period - Wrist shot by Jay Bouwmeester.
4:31 of 3rd period - Stopped by Matt Climie with a rebound.
5:19 of 3rd period - Slapshot by Austin Watson.
5:19 of 3rd period - Stopped by Ondrej Pavelec with a rebound.
5:21 of 3rd period - Snap shot by Austin Watson.
5:21 of 3rd period - Stopped by Ondrej Pavelec without a rebound.
5:22 of 3rd period - Sidney Crosby wins face-off versus Sam Gagner in Sabres zone.
6:25 of 3rd period - Slapshot by David Perron.
6:25 of 3rd period - Stopped by Matt Climie with a rebound.
6:39 of 3rd period - Snap shot by Benoit Pouliot.
6:39 of 3rd period - Shot Misses the Net.
7:15 of 3rd period - Wrist shot by Ryan Garbutt.
7:15 of 3rd period - Stopped by Ondrej Pavelec with a rebound.
7:34 of 3rd period - Minor Penalty to Seth Helgeson for Hooking.
7:35 of 3rd period - Sidney Crosby wins face-off versus Sam Gagner in BlueJackets zone.
8:22 of 3rd period - Slapshot by Gustav Nyquist.
8:22 of 3rd period - Shot Misses the Net.
9:09 of 3rd period - Nikita Zadorov is hit by Ryan Garbutt and loses puck.
9:34 of 3rd period - Penalty to Seth Helgeson is over, Seth Helgeson is back on ice.
9:42 of 3rd period - Slapshot by Gustav Nyquist.
9:42 of 3rd period - Stopped by Matt Climie with a rebound.
9:59 of 3rd period - Snap shot by Magnus Paajarvi.
9:59 of 3rd period - Shot Blocked by Rasmus Ristolainen.
10:13 of 3rd period - Matt Nieto is hit by Jay Bouwmeester and loses puck.
10:22 of 3rd period - Alex Pietrangelo is hit by Patrick Wiercioch and loses puck.
10:31 of 3rd period - Nikita Zadorov is hit by Nick Shore and loses puck.
10:44 of 3rd period - Alex Pietrangelo is hit by Chris Wagner and loses puck.
11:16 of 3rd period - Seth Helgeson is hit by Brooks Orpik and loses puck.
11:29 of 3rd period - Wrist shot by Sidney Crosby.
11:29 of 3rd period - Deflect By Gustav Nyquist.
11:29 of 3rd period - Stopped by Matt Climie with a rebound.
11:31 of 3rd period - Slapshot by Gustav Nyquist.
11:31 of 3rd period - Stopped by Matt Climie without a rebound.
11:32 of 3rd period - Sam Gagner wins face-off versus Sidney Crosby in BlueJackets zone.
12:47 of 3rd period - Patrick Wiercioch is hit by Rasmus Ristolainen.
12:59 of 3rd period - Snap shot by Drew Shore.
12:59 of 3rd period - Deflect By Rasmus Ristolainen.
12:59 of 3rd period - Stopped by Ondrej Pavelec without a rebound.
13:00 of 3rd period - Boyd Gordon wins face-off versus Drew Shore in Sabres zone.
13:27 of 3rd period - Brooks Orpik is hit by Teddy Purcell and loses puck.
13:58 of 3rd period - Snap shot by Matt Nieto.
13:58 of 3rd period - Shot Misses the Net.
14:00 of 3rd period - Slapshot by Brian Dumoulin.
14:00 of 3rd period - Stopped by Ondrej Pavelec with a rebound.
14:50 of 3rd period - Chris Wagner is hit by Trevor Gillies and loses puck.
15:13 of 3rd period - Ryan Garbutt is hit by Steven Stamkos and loses puck.
15:24 of 3rd period - Icing by Ryan Garbutt.
15:25 of 3rd period - Sidney Crosby wins face-off versus Sam Gagner in BlueJackets zone.
15:54 of 3rd period - Wrist shot by Benoit Pouliot.
15:54 of 3rd period - Shot Misses the Net.
15:56 of 3rd period - Wrist shot by Benoit Pouliot.
15:56 of 3rd period - Shot Misses the Net.
16:03 of 3rd period - Icing by Seth Helgeson.
16:04 of 3rd period - Chris Higgins wins face-off versus Ryane Clowe in BlueJackets zone.
16:12 of 3rd period - Minor Penalty to Matt Bartkowski for Tripping.
16:13 of 3rd period - Sam Gagner wins face-off versus Boyd Gordon in Sabres zone.
16:31 of 3rd period - Jay Bouwmeester is hit by Teddy Purcell and loses puck.
16:56 of 3rd period - Jay Bouwmeester is hit by Brian Dumoulin and loses puck.
17:09 of 3rd period - Boyd Gordon is hit by Brian Dumoulin and loses puck.
17:36 of 3rd period - Raphael Diaz is hit by Brooks Orpik and loses puck.
18:12 of 3rd period - Penalty to Matt Bartkowski is over, Matt Bartkowski is back on ice.
18:19 of 3rd period - Carl Klingberg is hit by Dwight King and loses puck.
18:36 of 3rd period - Wrist shot by Sidney Crosby.
18:36 of 3rd period - Shot Blocked by Chris Wagner.
19:00 of 3rd period - Snap shot by Sidney Crosby.
19:00 of 3rd period - Goal by Sidney Crosby - Sabres : 7 - BlueJackets : 1.
19:01 of 3rd period - Austin Watson wins face-off versus Ryan Kesler in neutral zone.
19:06 of 3rd period - Snap shot by Carl Klingberg.
19:06 of 3rd period - Stopped by Ondrej Pavelec without a rebound.
19:07 of 3rd period - Austin Watson wins face-off versus Ryan Kesler in Sabres zone.
19:09 of 3rd period - Brian Dumoulin beats up Matt Bartkowski.
19:09 of 3rd period - Penalty to Brian Dumoulin for Fighting.
19:09 of 3rd period - Penalty to Matt Bartkowski for Fighting.
19:10 of 3rd period - Sidney Crosby wins face-off versus Sam Gagner in Sabres zone.
Goals for this period are 3 for Sabres vs 0 for BlueJackets.
Shots for this period are 9 for Sabres vs 8 for BlueJackets.